Cogmind - Beta 13 @@@ ROGUE MODE // 2024.04.05 @ 23:13:12 Player: gabr Result: Destroyed by D-53 Grenadier with Mini Grenade Launcher Performance ------------- Evolutions (1) 500 Regions Visited (3) 600 Robots Destroyed (23) 115 Value Destroyed (442) 442 Prototype IDs (0) 0 Alien Tech Used (0) 0 Bonus (0) 0 TOTAL SCORE: 1657 Bonus ------- None Cogmind --------- Core Integrity 0/400 Matter 340/400 Energy 94/100 System Corruption 0% Temperature Cool (0) Movement Core (50) Location -9/Mines Parts ------- > --- POWER (1) -------- (None) > --- PROPULSION (2) --- (None) > --- UTILITY (3) ------ Medium Matter Pod > --- WEAPON (3) ------- (None) > --- INVENTORY (5) ---- Ion Engine Small Storage Unit Medium Armor Plating Hardened Light Armor Plating Light Assault Rifle Peak State ------------ > --- POWER ------------ Ion Engine > --- PROPULSION ------- Aluminum Leg Aluminum Leg > --- UTILITY ---------- Large Storage Unit Medium Matter Pod Medium Armor Plating > --- WEAPON ----------- Spread Laser Spread Laser Light Assault Rifle > --- INVENTORY -------- Ion Engine Aluminum Leg Small Storage Unit Small Storage Unit Medium Armor Plating Medium Armor Plating Medium Armor Plating Hardened Light Armor Plating Field Recycling Unit Spread Laser Light Assault Rifle [Rating: 13] Favorites ----------- Power Ion Engine Engine Ion Engine Propulsion Aluminum Leg Leg Aluminum Leg Utility Tractor Beam Device Tractor Beam Storage Large Storage Unit Protection Hardened Light Armor Plating Weapon Light Assault Rifle Energy Gun Medium Laser Ballistic Gun Light Assault Rifle Build | -11 -10 -9 -9 ------- Run | Yrd Mat Mat Min Slots Evolved 2 | . . 2 . Power . | . . . . Propulsion . | . . . . Utility 1 | . . 1 . Weapon 1 | . . 1 . Parts Attached 21 | 7 3 11 . Power 1 | 1 . . . Engine 1 | 1 . . . Core . | . . . . Reactor . | . . . . Propulsion 4 | 2 . 2 . Treads . | . . . . Leg 4 | 2 . 2 . Wheel . | . . . . Hover . | . . . . Flight . | . . . . Utility 8 | 2 2 4 . Device 2 | 1 1 . . Storage 3 | 1 1 1 . Processor . | . . . . Hackware . | . . . . Protection 3 | . . 3 . Artifact . | . . . . Weapon 8 | 2 1 5 . Energy Gun 4 | 1 1 2 . Energy Cannon . | . . . . Ballistic Gun 4 | 1 . 3 . Ballistic Cannon . | . . . . Launcher . | . . . . Special Weapon . | . . . . Impact Weapon . | . . . . Slashing Weapon . | . . . . Piercing Weapon . | . . . . Special Melee Weapon . | . . . . Unidentified Prototypes . | . . . . Parts Lost 10 | . . 4 6 Power 1 | . . . 1 Propulsion 3 | . . 1 2 Utility 3 | . . 2 1 Weapon 3 | . . 1 2 Highest Loss Streak 6 | . . 2 6 To Critical Strikes 1 | . . 1 . Average Slot Usage (%) 93 | . 99 93 76 Engine 11 | . 14 11 9 Leg 21 | . 28 19 12 Device 8 | . 13 6 . Storage 13 | . 14 12 18 Protection 7 | . . 10 7 Energy Gun 12 | . 18 9 18 Ballistic Gun 17 | . 9 22 7 Naked Turns . | . . . . Heaviest Build 41 | 14 30 41 41 Greatest Support 20 | 20 20 20 20 Greatest Overweight (x) 10 | 3 1 10 4 Average Overweight (x) . | . . 1 2 Largest Inventory Capacity 15 | 8 15 15 15 Average Capacity 12 | 7 8 15 12 Most Carried 13 | 3 9 13 11 Average Carried 8 | 1 7 10 9 Final Capacity 15 | 8 15 15 5 Final Carried 11 | 3 9 11 5 Class Distribution -------------------- 43% | Mutant 33% | Tank 20% | Scavenger-Tank Dominant Class ---------------- Mutant | -10/Materials Tank | -9/Materials Tank | -9/Mines Resources | -11 -10 -9 -9 ----------- Run | Yrd Mat Mat Min Matter Collected 539 | 256 41 242 . Remotely 195 | 154 41 . . Salvage Created 598 | 50 188 348 12 Parts 61 | 5 24 32 . Haulers Intercepted . | . . . . Recyclers Shooed . | . . . . Parts Field Recycled . | . . . . Retrieved Matter . | . . . . Parts Self-Destructed . | . . . . Prevented . | . . . . Kills | -11 -10 -9 -9 ------- Run | Yrd Mat Mat Min Combat Hostiles Destroyed 19 | . 6 12 1 Guns 19 | . 6 12 1 Classes Destroyed 7 | 1 3 2 1 Worker 1 | . . 1 . Tunneler 1 | . . 1 . Recycler 1 | 1 . . . Watcher 2 | . 2 . . Swarmer 9 | . 3 6 . Grunt 9 | . 3 6 . Assembled 1 | . . . 1 Best Kill Streak 4 | 1 4 3 1 Combat Bots Only 3 | . 3 3 1 Max Kills in Single Turn 1 | 1 1 1 1 Gunslinging . | . . . . Exploded . | . . . . Melee . | . . . . Uniques/NPCs Destroyed . | . . . . Combat | -11 -10 -9 -9 -------- Run | Yrd Mat Mat Min Hostile Shots Fired 157 | . 19 101 37 Missed 39 | . 6 27 6 Damage Taken 1504 | . 130 699 675 Core 432 | . 28 110 294 Absorbed by Shields . | . . . . Core Remaining (%) 94 | 100 88 . . Volleys Fired 67 | 3 17 41 6 Largest 3 | 2 2 3 3 Hottest 150 | 70 100 150 150 Shots Fired 157 | 6 34 109 8 Gun 157 | 6 34 109 8 Cannon . | . . . . Launcher . | . . . . Special . | . . . . Kinetic 109 | 3 14 91 1 Thermal 48 | 3 20 18 7 Explosive . | . . . . Electromagnetic . | . . . . Robot Hit Streak 10 | 2 6 10 5 Robot Miss Streak 8 | 4 3 8 4 Penetration Max . | . . . . Secondary Targets . | . . . . Shots Hit Robots 80 | 2 21 49 8 Core Hits 59 | 2 12 32 13 Critical Kills . | . . . . Critical Parts Destroyed . | . . . . Critical Strikes 2 | . 1 1 . Burn 2 | . 1 1 . Melee Attacks . | . . . . Impact . | . . . . Slashing . | . . . . Piercing . | . . . . Sneak Attacks . | . . . . Combat Hostiles . | . . . . Follow-up Attacks . | . . . . Damage Inflicted 803 | 18 230 457 98 Guns 791 | 18 222 456 95 Cannons . | . . . . Explosions . | . . . . Melee . | . . . . Ramming 12 | . 8 1 3 Kinetic 447 | 6 61 373 7 Thermal 344 | 12 161 83 88 Explosive . | . . . . Electromagnetic . | . . . . Impact . | . . . . Slashing . | . . . . Piercing . | . . . . Highest Corruption . | . . . . Average Corruption . | . . . . Corruption Purged . | . . . . Corruption Blocked . | . . . . Overload Shots . | . . . . Overflow Damage . | . . . . Projectiles . | . . . . Explosions . | . . . . Melee . | . . . . Knockbacks . | . . . . Impact . | . . . . Kinetic . | . . . . Secondary . | . . . . Self-Inflicted Damage . | . . . . Shots . | . . . . Rammed . | . . . . Targets Rammed 4 | . 2 1 1 Kicked 4 | . 2 1 1 Crushed . | . . . . Highest Temperature 462 | 70 146 462 130 Average Temperature 72 | 33 59 86 46 Received Heat Transfer 408 | . 66 222 120 Effects 6 | . . 6 . Shutdowns 1 | . . 1 . Interference 2 | . . 2 . Matter Decay 1 | . . 1 . Short Circuit 2 | . . 2 . Siege Activations . | . . . . Robots Corrupted . | . . . . Combat Hostiles . | . . . . Parts Fried . | . . . . Impact Corruptions . | . . . . Robots Melted . | . . . . Combat Hostiles . | . . . . Parts Melted 5 | . 5 . . Heat Transferred 959 | 37 555 262 105 Parts Sabotaged . | . . . . Parts Stolen . | . . . . Parts Stripped . | . . . . Power Chain Reactions . | . . . . Alert | -11 -10 -9 -9 ------- Run | Yrd Mat Mat Min Peak Influence 308 | 5 173 308 94 Initial 94 | . 3 72 94 Average 126 | 1 110 160 80 Maximum Alert Level 1 | . . 1 . Low Security (%) 86 | 100 100 76 100 Level 1 13 | . . 23 . Level 2 . | . . . . Level 3 . | . . . . Level 4 . | . . . . Level 5 . | . . . . High Security . | . . . . Max Security . | . . . . Squads Dispatched 3 | . 1 2 . Investigation 1 | . 1 . . Extermination . | . . . . Reinforcement 2 | . . 2 . Assault . | . . . . Garrison . | . . . . Intercept . | . . . . Searches Triggered . | . . . . Construction Impeded . | . . . . Haulers Reinforced . | . . . . Active Scanning Responses . | . . . . Cargo Convoy Interrupts . | . . . . Stealth | -11 -10 -9 -9 --------- Run | Yrd Mat Mat Min Distress Signals 6 | . . 6 . Communications Jammed . | . . . . Distress Signals . | . . . . Times Spotted 52 | . 9 29 14 Peak Tracking Total 12 | . 4 8 12 Tactical Retreats 3 | . . 2 1 Traps | -11 -10 -9 -9 ------- Run | Yrd Mat Mat Min Traps Triggered 1 | . 1 . . Indirectly . | . . . . Trap Hack Attempts . | . . . . Triggered . | . . . . Disarmed . | . . . . Reprogrammed . | . . . . Reused . | . . . . Traps Extracted . | . . . . Installed . | . . . . Triggered . | . . . . Machines | -11 -10 -9 -9 ---------- Run | Yrd Mat Mat Min Machines Disabled . | . . . . Max in Single Turn . | . . . . Machines Repaired . | . . . . Machines Dismantled . | . . . . Machines Sabotaged . | . . . . Overloaded Fab Kills . | . . . . Hacking | -11 -10 -9 -9 --------- Run | Yrd Mat Mat Min Machines Accessed 2 | . 2 . . Terminals 2 | . 2 . . Fabricators . | . . . . Repair Stations . | . . . . Recycling Units . | . . . . Scanalyzers . | . . . . Garrison Access . | . . . . Total Hacks 6 | . 6 . . Successful 2 | . 2 . . Failed 4 | . 4 . . Catastrophic 2 | . 2 . . Database Lockouts . | . . . . Manual 6 | . 5 . 1 Terminals 6 | . 6 . . Fabricators . | . . . . Repair Stations . | . . . . Recycling Units . | . . . . Scanalyzers . | . . . . Garrison Access . | . . . . Terminal Hacks 2 | . 2 . . Record 2 | . 2 . . Fabricator Hacks . | . . . . Repair Station Hacks . | . . . . Recycling Unit Hacks . | . . . . Scanalyzer . | . . . . Garrison Access Hacks . | . . . . Unauthorized Hacks . | . . . . Terminals . | . . . . Fabricators . | . . . . Repair Stations . | . . . . Recycling Units . | . . . . Scanalyzers . | . . . . Garrison Access . | . . . . Data Cores Recovered . | . . . . Used . | . . . . Hacking Detections 2 | . 2 . . Full Trace Events . | . . . . Feedback Events . | . . . . Feedback Blocked . | . . . . Robot Schematics Acquired . | . . . . Robots Built . | . . . . Authchips . | . . . . Time . | . . . . Total Robot Build Rating . | . . . . Part Schematics Acquired . | . . . . Parts Built . | . . . . Authchips . | . . . . Time . | . . . . Total Part Build Rating . | . . . . Parts Repaired . | . . . . Time . | . . . . Parts Recycled . | . . . . Recycled Matter . | . . . . Retrieved Matter . | . . . . Retrieved Components . | . . . . Parts Scanalyzed . | . . . . Part Schematics Acquired . | . . . . Parts Damaged . | . . . . Bothacking | -11 -10 -9 -9 ------------ Run | Yrd Mat Mat Min Used RIF Installer . | . . . . Robots Hacked . | . . . . Non-combat . | . . . . Combat . | . . . . Robot Hacks Applied . | . . . . Relay Couplers Released . | . . . . Fabnet Peak Effective % . | . . . . Robots Rewired . | . . . . Allies Hacked . | . . . . Hacks Repelled . | . . . . Allies | -11 -10 -9 -9 -------- Run | Yrd Mat Mat Min Total Allies . | . . . . Largest Group . | . . . . Highest-Rated Group . | . . . . Highest-Rated Ally . | . . . . Total Orders . | . . . . Ally Attacks . | . . . . Total Damage . | . . . . Kills . | . . . . Allies Corrupted . | . . . . Allies Melted . | . . . . Intel | -11 -10 -9 -9 ------- Run | Yrd Mat Mat Min Robot Analysis Total . | . . . . Derelict Logs Recovered . | . . . . Drone Launches . | . . . . Drone Recoveries . | . . . . Exploration | -11 -10 -9 -9 ------------- Run | Yrd Mat Mat Min Turns Passed 1169 | 121 309 674 65 Spaces Moved 516 | 78 191 227 20 Core 23 | 17 . 1 5 Treads . | . . . . Legs 493 | 61 191 226 15 Wheels . | . . . . Hover . | . . . . Flight . | . . . . Fastest Speed 50 | 50 120 190 100 Average Speed 172 | 127 122 224 239 Slowest Speed 550 | 200 190 550 400 Overloaded Moves . | . . . . Propulsion Burnouts . | . . . . Robots Hopped . | . . . . Cave-ins Triggered . | . . . . Exploration Rate (%) 19 | 6 34 26 12 Regions Visited 3 Branch Regions 1 Pre-discovered Areas . | . . . . Known Exits Taken . | . . . . Unknown Exits Taken 3 | 1 1 1 . Scrap Searched . | . . . . Spaces Dug . | . . . . Terrain Destroyed . | . . . . Melee . | . . . . Projectile . | . . . . AOE . | . . . . Terrain Rammed . | . . . . Walls Destroyed . | . . . . Machines Disabled . | . . . . Actions | -11 -10 -9 -9 --------- Run | Yrd Mat Mat Min Total 676 | 91 235 321 29 Wait 40 | 1 14 25 . Move 513 | 77 190 226 20 Hop . | . . . . Pick Up 17 | 3 6 8 . Fast Attach 13 | 7 2 4 . Attach 6 | . . 6 . Detach 6 | . 1 4 1 Swap 2 | . 1 1 . Drop 8 | . 2 5 1 Fire 67 | 3 17 41 6 Melee . | . . . . Ram . | . . . . Kick 4 | . 2 1 1 Crush . | . . . . Escape Stasis . | . . . . Rewire . | . . . . Trap . | . . . . Miscellaneous . | . . . . Route ------- -11/Scrapyard -10/Materials -9/Materials -9/Mines History --------- Turn | Location | Event 33 | -11/Scrapyard | Discovered new exit (range 15) 122 | -11/Scrapyard | Entered Materials 313 | -10/Materials | Build established: Mutant 385 | -10/Materials | Discovered new exit (range 16) 431 | -10/Materials | Entered another Materials area 431 | -9/Materials | Evolved 2 slots: Utility x1, Weapon x1 853 | -9/Materials | Discovered new exit (range 15) 1105 | -9/Materials | Entered Mines 1106 | -9/Mines | Assembled infested the area 1155 | -9/Mines | Core integrity fell below 50% 1167 | -9/Mines | Core integrity fell below 20% 1170 | -9/Mines | Destroyed by D-53 Grenadier with Mini Grenade Launcher Last Messages --------------- 01112_ K-01 Serf collects debris. 01116_ Connecting with Terminal... 01116_ Current location identified: Mines 01118_ K-01 Serf cleans the Laser Drill. 01119_ K-01 Serf collects debris. 01124_ K-01 Serf cleans the Laser Drill. 01137_ Kicked K-01 Serf out of the way. 01137_ K-01 Serf destroyed. 01146_ Aluminum Leg destroyed. 01151_ Med. Armor Plating destroyed. 01152_ Dropped Lrg. Storage Unit. 01153_ Spread Laser destroyed. 01155_ as-72133 destroyed. 01155_ as-91175 destroyed. 01161_ Ion Engine destroyed. 01161_ as-74528 destroyed. 01166_ C-30 ARC bursts open, deploying its payload. 01166_ D-53 Grenadier unfolds itself. 01166_ as-47057 destroyed. 01170_ Spread Laser destroyed. Map ----- +----------------------------------------------------+ | ?????????????????????????????????????????????????? | | ?????????????????????????????????????????????????? | | ?????????????????????????????????????????????????? | | ?????????????????????????????????????????????????? | | ?????????????????????????????????????????????????? | | ?????????????????????????????????????????????????? | | ?????????????????????????????????????????????????? | | ?????????????????????????????????????????????????? | | ?????????????????????????????????????????????????? | | ?????????????????????????????????????????????????? | | ?????????????????????????????????????????????????? | | ????????????????????? ???????????????????????????? | | ????????????????????" ??????????????????????????? | | ????????????????????" ??????????????????????????? | | ????????????????????? ??????????????????????????? | | ????????????????????? #?????????????????????????? | | ????????????????????? #????????????????????????? | | ?????????????????????? ##??????????????????????? | | ?????????????????????? ####???????????????????? | | ??????????????????????# #???????????????????? | | ?????????????????????#? ???????????????????? | | ???????????????????### ????????????????????? | | ??????????????????## ? ?????????????????????? | | ??????????????????# ###???????????????????? | | ??????????????????# # #???????????????????? | | ???????????????????# @ #???????????????????? | | ???????????????????## #???????????????????? | | ????????????????????## #???????????????????? | | ????????????????????# %dd !!#???????????????????? | | ????????????????????## !! ######?????????????? | | ?????????????????????## ==[ #?????????????? | | ??????????????????????# *%##### #?????????????? | | ??????????????????????#####% #???# #?????????????? | | ??????????????????????????#=%#???# ###???????????? | | ?????????????????????????? ?### #T#######?????? | | ????????????????????????? ## #?????? | | ???????????????????????? ## #?????? | | ??????????????????????? ### #?????? | | ?????????????????????? ####?# """ #?????? | | ??????????????????????### ?????# """ #?????? | | ???????????????????????? ?????# """ #?????? | | ????????????????????????##?????# #?????? | | ???????????????????????????????# #?????? | | ???????????????????????????????#############?????? | | ?????????????????????????????????????????????????? | | ?????????????????????????????????????????????????? | | ?????????????????????????????????????????????????? | | ?????????????????????????????????????????????????? | | ?????????????????????????????????????????????????? | | ?????????????????????????????????????????????????? | +----------------------------------------------------+ Best States ------------- Heat Dissipation 28 Energy Generation 10 Energy Capacity 250 Matter Stores 335 Matter Capacity 400 Sight Range 16 Terrain Scan Density 10 Armor Coverage 225 Evasion (%) 55 Item Schematics ----------------- None Robot Schematics ------------------ None Fabricated ------------ Nothing Alien Tech Used ----------------- None Achievements -------------- None Challenges ------------ None Game ------ Seed ExplosiveAssembledSlayer Manual? 0 Play Time 00:21:13 Cumulative 50.8 hours Start 2024.04.05 @ 22:52:54 End 2024.04.05 @ 23:13:12 Sessions 1 Manual Loads 0 Difficulty Rogue Special Mode None Game No. 118 Rogue 118 Adventurer 0 Explorer 0 Win Type - Total 0 Types 0/0/0/0/0/0/0/0/0 Lore% 21 Gallery% 36 Achievement% 27 Wizard Run 0 Options --------- Layout 0 ASCII 0 Keyboard 1 Movement Numpad Keybinds 0 Fullscreen 1 Font 24/Terminus Map View 76x50 Zoom Use 0% Tactical HUD 1 Map Filters NONE Filters NONE Steam 1 RUN: fadb9d65-0318-4ed0-a3f8-f03b21aadff8